 Dungeon Sprint DCSS version bcrawl-1.23 (webtiles) character file.

Game seed: 13765307022096578338

406 Freyura the Skirmisher (level 6, -9/63 HPs)
             Began as a Naga Fighter on May 23, 2020.
             Was a Believer of Cheibriados.
             Killed from afar by an efreet (22 damage)
             ... with a fireball
             ... in the Dungeon (Sprint IX: "|||||||||||||||||||||||||||||").
             The game lasted 00:02:23 (307 turns).

Freyura the Skirmisher (Naga Fighter)                Turns: 307, Time: 00:02:23

Health: -9/63      AC:  7    Str: 23    XL:     6   Next: 87%
Magic:  7/9        EV: 11    Int: 12    God:    Cheibriados [**....]
Gold:   0          SH: 11    Dex: 19    Spells: 5/5 levels left

rFire    . . .     SeeInvis +   a - +0 flail
rCold    . . .     Gourm    .   c - +0 medium shield
rNeg     . . .     Faith    .   b - +0 scale mail
rPois    +         Spirit   .   n - +0 helmet
rElec    .         Reflect  .   (no cloak)
rCorr    .         Harm     .   (no gloves)
MR       .....     NoTele   +   (no barding)
Stlth    ..........             (no amulet)
HPRegen  0.20/turn              o - +3 ring of dexterity
MPRegen  0.11/turn              p - +2 ring of evasion

@: very slow
A: large, see invisible, deformed body, poison resistance, slowness 2, slow
metabolism 1, spit poison 1, AC +2
a: Spit Poison, Bend Time, Renounce Religion


You were in the Dungeon.
You worshipped Cheibriados.
Cheibriados was pleased with you.
You were not hungry.

You visited 1 branch

Inventory:

Hand Weapons
 a - a +0 flail (weapon)
Armour
 b - a +0 scale mail (worn)
 c - a +0 medium shield (worn)
 n - a +0 helmet (worn)
Jewellery
 o - a +3 ring of dexterity (left hand)
 p - a +2 ring of evasion (right hand)
Wands
 m - a wand of acid (10)
Scrolls
 j - 3 scrolls of remove curse
 k - 2 scrolls of blinking
 l - 2 scrolls of amnesia
Potions
 d - a potion of invisibility
 f - 5 potions of curing
 g - 2 potions of heal wounds
 h - a potion of haste
 i - 4 potions of magic
Comestibles
 e - a ration {!d}


   Skills:
 + Level 6.7 Fighting
 + Level 6.3 Maces & Flails
 + Level 5.6 Armour
 + Level 5.0 Dodging
 + Level 5.7 Shields
 + Level 4.0 Invocations


You had 5 spell levels left.
You didn't know any spells.
Your spell library was empty.

Dungeon Overview and Level Annotations

Branches:
Dungeon (1/1)

Altars:
Cheibriados
Dithmenos
Elyvilon
Fedhas
Gozag
Hepliaklqana
Kikubaaqudgha
Lugonu
Makhleb
Nemelex Xobeh
Okawaru
Qazlal
Ru
Sif Muna
Trog
Uskayaw
Vehumet
Wu Jian
Xom
Yredelemnul
Zin
The Shining One
Beogh
Jiyva


Innate Abilities, Weirdness & Mutations

You cannot wear boots.
Your serpentine skin is tough. (AC +2)
You have supernaturally acute eyesight. (SInv)
Armour fits poorly on your strangely shaped body.
Your system is resistant to poisons. (rPois)
You cover ground very slowly.
You have a slow metabolism.
You can spit poison.


Message History

The bullfrog is almost dead.
The bullfrog hits you!
* * * LOW HITPOINT WARNING * * *
You closely miss the bullfrog.
The bullfrog is almost dead.
You block the bullfrog's attack. x2
You sock the bullfrog!
You kill the bullfrog!
Cheibriados thoroughly appreciates the change of pace.
Cheibriados raises the support of your attributes as your movement slows.
Your Dodging skill increases to level 5!
Your Invocations skill increases to level 4!
The bat skeleton hits you but does no damage.
The bat skeleton hits you.
* * * LOW HITPOINT WARNING * * *
The efreet gestures at you.
The fireball explodes!
The fireball engulfs the bat skeleton!!
The bat skeleton is destroyed!
The fireball engulfs you!!
You die...

▓+▓
▓.▓
▓.▓
▓.▓
▓R▓
▓.▓
▓.▓
▓@▓
▓.▓
▓.▓
▓[▓
▓[▓
▓.▓
▓)▓
▓|▓
▓.▓


You could see an efreet.

Vanquished Creatures
  A shadow (D)
  An ogre (D)
  A bullfrog (D)
  A crimson imp (D)
  A jelly (D)
  A quasit (D)
  A leopard gecko (D)
  An orc (D)
  A bat skeleton (D)
  2 goblins (D)
  A hobgoblin (D)
  A rat (D)
13 creatures vanquished.

Vanquished Creatures (others)
  An ugly thing (D)
  A bat skeleton (D)
2 creatures vanquished.

Grand Total: 15 creatures vanquished

Notes
Turn   | Place    | Note
-------+----------+-------------------------------------------
     0 | D        | Freyura the Naga Fighter began the quest for the Orb.
     0 | D        | Reached XP level 1. HP: 21/21 MP: 1/1
    11 | D        | Reached skill level 1 in Dodging
    15 | D        | Reached XP level 2. HP: 24/28 MP: 2/2
    40 | D        | Noticed an ogre
    53 | D        | Reached XP level 3. HP: 31/36 MP: 3/3
    55 | D        | Reached XP level 4. HP: 23/45 MP: 4/4
    60 | D        | Killed an ogre
    60 | D        | Reached skill level 5 in Fighting
    60 | D        | Reached XP level 5. HP: 7/52 MP: 5/5
    69 | D        | Found a roughly hewn altar of Beogh.
    69 | D        | Found a snail-covered altar of Cheibriados.
    69 | D        | Found a shadowy altar of Dithmenos.
    69 | D        | Found a white marble altar of Elyvilon.
    69 | D        | Found a blossoming altar of Fedhas.
    69 | D        | Found an opulent altar of Gozag.
    70 | D        | Found a hazy altar of Hepliaklqana.
    71 | D        | Found a viscous altar of Jiyva.
    72 | D        | Found an ancient bone altar of Kikubaaqudgha.
    73 | D        | Found a corrupted altar of Lugonu.
    75 | D        | Became a worshipper of Cheibriados the Contemplative
    77 | D        | Found a burning altar of Makhleb.
    78 | D        | Found a sparkling altar of Nemelex Xobeh.
    79 | D        | Found an iron altar of Okawaru.
    80 | D        | Found a stormy altar of Qazlal.
    81 | D        | Found a sacrificial altar of Ru.
    82 | D        | Found a shimmering blue altar of Sif Muna.
    83 | D        | Found a bloodstained altar of Trog.
    84 | D        | Found a hide-covered altar of Uskayaw.
    85 | D        | Found a radiant altar of Vehumet.
    86 | D        | Found an ornate altar of the Wu Jian Council.
    87 | D        | Found a shimmering altar of Xom.
    88 | D        | Found a basalt altar of Yredelemnul.
    89 | D        | Found a glowing silver altar of Zin.
    90 | D        | Found a glowing golden altar of the Shining One.
   282 | D        | Noticed a white ugly thing
   282 | D        | Noticed an efreet
   282 | D        | Noticed a bullfrog
   282 | D        | Noticed a shadow
   292 | D        | Killed a shadow
   292 | D        | Reached skill level 5 in Maces & Flails
   292 | D        | Reached skill level 5 in Armour
   292 | D        | Reached skill level 5 in Shields
   292 | D        | Reached XP level 6. HP: 45/63 MP: 5/8
   296 | D        | Killed a white ugly thing
   304 | D        | Reached * piety under Cheibriados
   307 | D        | Reached ** piety under Cheibriados
   307 | D        | Reached skill level 5 in Dodging
   307 | D        | Killed from afar by an efreet

Skill      XL: |  1  2  3  4  5  6 |
---------------+-------------------+-----
Dodging        | 1 2 3 4 5 |  5.0
Fighting       | 4 5 6 |  6.7
Maces & Flails | 3 4 5 6 |  6.3
Armour         | 3 4 5 |  5.6
Shields        | 3 4 5 |  5.7
Invocations    | 3 4 |  4.0

Action                   |  1- 3 |  4- 6 || total
-------------------------+-------+-------++-------
Melee: Flail             |    25 |    30 ||    55
  Use: Potion            |     2 |     1 ||     3
Armor: Scale mail        |    23 |    13 ||    36
Dodge: Dodged            |     9 |     9 ||    18
Block: Medium shield     |    13 |    23 ||    36
